[Event "Early-Titled-Tuesday-Blitz-April-16-2024"]
[Site "Chess.com"]
[Date "2024.04.16"]
[Round "3"]
[White "LeninGuerra"]
[Black "KubaGepard"]
[Result "0-1"]
[WhiteElo "2783"]
[BlackElo "2586"]
[TimeControl "180+1"]
[EndTime "8:31:09 PDT"]
[Termination "KubaGepard won on time"]

1. e4 e5 2. Nf3 Nc6 3. Bb5 a6 4. Ba4 Nf6 5. Qe2 Be7 6. c3 b5 7. Bb3 O-O 8. O-O d5 9. d3 Be6 10. Nbd2 Re8 11. Rd1 Bf8 12. Nf1 Qb8 13. Ng3 h6 14.
Nh4 Qb7 15. Nhf5 Rad8 16. Bc2 d4 17. cxd4 Nxd4 18. Nxd4 Rxd4 19. Be3 Rdd8 20. h3 c5 21. b3 Nd7 22. Rac1 Nb8 23. Bb1 Rc8 24. Nh5 Qe7 25.
g4 Qh4 26. Qf3 Nc6 27. Kg2 Nd4 28. Qg3 Qd8 29. Bxd4 Qxd4 30. g5 hxg5 31. Qxg5 Qd8 32. Qxd8 Rexd8 33. f4 g6 34. Nf6+ Kh8 35. fxe5 Bh6 36. Rc2 Bf4 37. Ng4 Bxg4 38. hxg4 Bxe5 39. Rf2 Kg7 40. Rdf1 Rc7 41. Rh1 Rh8 42. Rxh8 Kxh8 43. Kf3 Kg7 44. g5 Rc8 45. Rc2 Bd4 46. b4 c4 47.
dxc4 bxc4 48. Rd2 Bc3 49. Rd6 Bxb4 50. Rxa6 c3 51. Bc2 Be7 52. Kg4 Rc5 53. a4 Rxg5+ 54.
Kf3 Rh5 55. Rc6 Bb4 56. Rc4 Ba5 57. Ke3 Rh3+ 58. Kd4 Rh2 59. Bd3 Rd2 60. e5 Ra2 61. Ke4 Rd2 62. Rc5 Bb4 63. Rc4 Ba5 64. Rc5 Bb4 65.
Rc4 Rb2 66. Kd5 g5 67. e6 fxe6+ 68. Kxe6 Kh6 69. Kf5 Rf2+ 70. Kg4 Rg2+ 71. Kf3 Rb2 72. Kg4 Kg7 73. Kxg5 Rd2 74. Bf5 Be7+ 75. Kf4 Bd6+ 76. Ke4 Ra2 77. Kd3 Ra3 78. Kc2 Be5 79. Be6 Kf6 80.
Bd5 Ra2+ 81. Kd3 Rd2+ 82. Ke4 c2 83. Ke3 Rd4 84. Rc6+ Ke7 85. Be4 Rxa4 86. Bxc2 Rd4 87. Be4 Rd6 88. Rc2 Bd4+ 89. Kf4 Rf6+ 90. Bf5 Rd6 91.
Ke4 Bb6 92. Rc4 Rd4+ 0-1

[Event "Early-Titled-Tuesday-Blitz-April-16-2024"]
[Site "Chess.com"]
[Date "2024.04.16"]
[Round "3"]
[White "kleber2007"]
[Black "Smiechu"]
[Result "1/2-1/2"]
[WhiteElo "2585"]
[BlackElo "2378"]
[TimeControl "180+1"]
[EndTime "8:31:31 PDT"]
[Termination "Game drawn by 50-move rule"]

1. Nf3 Nf6 2. g3 c5 3. Bg2 Nc6 4. O-O g6 5. d4 cxd4 6. Nxd4 Bg7 7. c4 O-O 8. Nc3 d6 9. Nxc6 bxc6 10. Bxc6 Rb8 11.
Bg2 Qa5 12. Qc2 Bf5 13. e4 Be6 14. Bd2 Rfc8 15. Nd5 Qd8 16. Rab1 Nxd5 17. exd5 Bf5 18. Be4 Bxe4 19. Qxe4 Bxb2 20. Bg5 f6 21. Be3 a5 22.
Rfe1 a4 23. h4 Qd7 24. h5 Kg7 25. Kg2 Bc3 26. Rh1 Rxb1 27. Rxb1 f5 28. Qd3 Bf6 29. Rb4 Ra8 30. Qb1 Ra7 31. Rb8 Rc7 32. Qb5 a3 33.
Ra8 Rb7 34. Qxd7 Rxd7 35. Rxa3 Rc7 36. Ra4 gxh5 37. Kf3 Be5 38. Ke2 h4 39. gxh4 f4 40. Bd2 Kf6 41. Kd3 e6 42. dxe6 Kxe6 43. Bc3 Bxc3 44.
Kxc3 d5 45. Kd4 dxc4 46. Rxc4 Ra7 47. a4 Kf5 48. f3 Kg6 49. Kc5 Ra5+ 50. Kb6 Rf5 51.
a5 Kh5 52. a6 Kxh4 53. a7 Rf8 54. Rxf4+ Rxf4 55. a8=Q Kg3 56. Qg8+ Kxf3 57. Qxh7 Re4 58. Kc5 Ke3 59. Kd5 Rd4+ 60. Ke5 Rd3 61. Qh3+ Ke2 62.
Qg2+ Kd1 63. Ke4 Rd2 64. Qf1+ Kc2 65. Ke3 Rd1 66. Qc4+ Kb1 67. Ke2 Rc1 68. Qb3+ Ka1 69. Qa3+ Kb1 70. Kd2 Rc2+ 71. Kd3 Rb2 72. Qf8 Rb3+ 73.
Kc4 Rb2 74. Kc3 Rc2+ 75. Kb3 Rb2+ 76. Kc3 Rc2+ 77. Kd3 Rb2 78. Qf1+ Ka2 79. Qe1 Rb3+ 80. Kc4 Rb2 81. Qc1 Rb4+ 82. Kc5 Rb3 83. Qc2+ Rb2 84. Qa4+ Kb1 85. Kd4 Ra2 86. Qd1+ Kb2 87. Qe2+ Kb1 88. Qd3+ Kb2 89. Kc4 Ra4+ 90. Kb5 Ra3 91.
Qd2+ Kb1 92. Kb4 Ra2 93. Qd1+ Kb2 94. Qd3 Ka1 95. Qc3+ Kb1 96. Qe1+ Kb2 97. Qc3+ Kb1 98. Qe3 Rb2+ 99. Kc3 Rc2+ 100. Kb3 Rb2+ 101. Ka3 Ra2+ 102. Kb3 Rb2+ 103. Kc3 Rc2+ 104. Kb4 Rb2+ 105. Kc4 Rc2+ 106. Kd5 Rb2 107. Qe1+ 1/2-1/2

[Event "Early-Titled-Tuesday-Blitz-April-16-2024"]
[Site "Chess.com"]
[Date "2024.04.16"]
[Round "3"]
[White "Pelusiansky"]
[Black "Hercog"]
[Result "1-0"]
[WhiteElo "2545"]
[BlackElo "2091"]
[TimeControl "180+1"]
[EndTime "8:31:58 PDT"]
[Termination "Pelusiansky won on time"]

1. e4 c6 2. d4 d5 3. exd5 cxd5 4. Bd3 Nc6 5. c3 Nf6 6. h3 e5 7. dxe5 Nxe5 8. Bg5 Be7 9. Nf3 Nxd3+ 10. Qxd3 O-O 11. Bxf6 Bxf6 12. O-O Re8 13. Nbd2 g6 14. Nd4 a6 15. Rfe1 Bd7 16. Rxe8+ Qxe8 17. Nf1 Qe4 18. Rd1 Re8 19. Ne3 Ba4 20. Rd2 Bg5 21. b3 Bd7 22. Ndc2 Bc6 23. Rd1 Re5 24. Qxe4 dxe4 25. Nb4 Rc5 26.
c4 a5 27. Nxc6 Rxc6 28. Rd7 b6 29. Nd5 a4 30. Rb7 axb3 31. axb3 f5 32. g3 Bd8 33.
Kf1 g5 34. Ke2 Rd6 35. Rb8 Kf7 36. Nc3 Kg6 37. g4 Bf6 38. Nd5 Bd4 39. Rg8+ Kh6 40. gxf5 Bc5 41. f6 Rd7 42. Re8 Rf7 43. Rxe4 Kg6 44.
Re6 Kf5 45. Rc6 Ke4 46. b4 Bd4 47. Re6+ Kf5 48. Re7 Rf8 49. f7 Kg6 50. Rd7 Rxf7 51. Rxf7 Kxf7 52. f3 Ke6 53. Kd3 Bf2 54. Ke4 h6 55.
Nc7+ Kf6 56. Nd5+ Ke6 57. Ne3 h5 58. Nf5 Kf6 59. Nd4 Bg1 60. c5 bxc5 61. bxc5 Bh2 62. Nb5 Ke6 63. Nd4+ Kd7 64. Kd5 Bg3 65. Nf5 Bf4 66. Ng7 h4 67. Ne6 Be3 68. c6+ Kc8 69. Ke4 Bd2 70. Kf5 Bc1 71. Ke5 Bd2 72. Kd6 Bb4+ 73. Kd5 Bd2 74. c7 Kd7 75. Ke5 Be3 76. Kf5 Bc1 77. Nxg5 Kxc7 78. f4 Kd7 79. Nf3 Ke7 80.
Nxh4 Kf7 81. Nf3 Kg7 82. Kg4 Kg6 83. Nd4 Bb2 84. Ne6 Kf6 85. Ng5 Kg6 86. Nf3 Ba1 87. h4 Bb2 88. h5+ Kh6 89. Nh4 Kg7 90. Nf5+ Kf6 91.
Ne3 Kg7 92. Kg5 Bc1 93. Ng4 Bb2 94. h6+ Kh7 95. Nf6+ Kh8 96. Kg6 Bc3 97. f5 Bd4 98. Ng4 Bc3 99. f6 1-0

[Event "Early-Titled-Tuesday-Blitz-April-16-2024"]
[Site "Chess.com"]
[Date "2024.04.16"]
[Round "3"]
[White "UmarovSabir"]
[Black "tantaan"]
[Result "1-0"]
[WhiteElo "2313"]
[BlackElo "2495"]
[TimeControl "180+1"]
[EndTime "8:32:11 PDT"]
[Termination "UmarovSabir won by resignation"]

1. e4 c5 2. Nf3 e6 3. d3 Nc6 4. g3 d5 5. Nbd2 Nf6 6. Bg2 Be7 7. O-O O-O 8. c3 Qc7 9. Re1 b5 10. h3 a5 11. g4 b4 12. Nf1 a4 13.
Ng3 a3 14. g5 Ne8 15. c4 dxc4 16. dxc4 axb2 17. Bxb2 Ba6 18. Qc2 Rd8 19. e5 Nd4 20. Nxd4 cxd4 21. Ne4 Qxc4 22. Qxc4 Bxc4 23. Red1 d3 24.
f4 Nc7 25. Rac1 Nd5 26. Rxc4 Ne3 27. Rcc1 Nxd1 28. Rxd1 Rd7 29. Kf2 Ra8 30. Nf6+ gxf6 31. Bxa8 fxg5 32. fxg5 Bxg5 33. Rg1 h6 34. h4 Ra7 35. hxg5 Rxa8 36. gxh6+ Kh7 37. Ra1 Rc8 38. Ke3 Rc2 39. Bd4 d2 40. Rd1 Rxa2 41. Rxd2 Ra3+ 42.
Rd3 Ra5 43. Rb3 Rb5 44. Kd3 Kxh6 45. Kc4 Rb7 46. Rxb4 Rc7+ 47. Kd3 Kg6 48. Ra4 Kf5 49. Ra1 Rb7 50. Rf1+ Kg6 51. Rf6+ Kg7 52. Ke4 Rb4 53.
Rf3 Kg6 54. Rg3+ Kh7 55. Rg4 Ra4 56. Kf3 Ra3+ 57. Kf4 Ra4 58. Ke4 Rb4 59. Rg1 Ra4 60. Kd3 Ra3+ 61. Kc4 Ra5 62. Bc5 Kh6 63. Be3+ Kh7 64.
Kd4 Ra4+ 65. Kd3 Rb4 66. Bg5 Kg6 67. Bf6+ Kf5 68. Rg7 Rb3+ 69. Kc4 Rb7 70. Kc5 Ra7 71. Kd6 Rb7 72. Kc6 Ra7 73. Rg8 Ke4 74.
Rd8 Kf5 75. Rd7 Ra6+ 76. Kb5 Ra1 77. Rxf7 Rd1 78. Kc4 Rc1+ 79. Kd3 Rd1+ 80. Ke2 Rd5 81. Rh7 Ke4 82. Rh4+ Kf5 83. Rh2 Ra5 84. Rf2+ Ke4 85.
Kf1 Ra1+ 86. Kg2 Ke3 87. Kg3 Rg1+ 88. Rg2 Rb1 89. Kg4 Rb4+ 90. Kg5 Rb6 91. Kg6 Ke4 92.
Kf7 Kd5 93. Rd2+ Ke4 94. Rd6 Rb7+ 95. Kxe6 Rh7 96. Rd7 Rh6 97. Kf7 Rh7+ 98. Bg7 Kf5 99. e6 1-0

[Event "Early-Titled-Tuesday-Blitz-April-16-2024"]
[Site "Chess.com"]
[Date "2024.04.16"]
[Round "4"]
[White "biostatistician"]
[Black "Tol_Tol"]
[Result "1-0"]
[WhiteElo "2621"]
[BlackElo "2424"]
[TimeControl "180+1"]
[EndTime "8:34:12 PDT"]
[Termination "biostatistician won by resignation"]

1. d4 Nf6 2. Nf3 g6 3. c4 Bg7 4. Nc3 O-O 5. e4 d6 6. Be2 e5 7.
dxe5 dxe5 8. Qxd8 Rxd8 9. Bg5 Re8 10. Nd5 Nxd5 11. cxd5 c6 12. Bc4 b5 13. Bb3 a5 14.
a3 a4 15. Ba2 c5 16. Rc1 c4 17. Bb1 Bg4 18. Nd2 Nd7 19. f3 Nc5 20. fxg4 Nd3+ 21. Bxd3 cxd3 22. Rc3 Rad8 23. Rxd3 1-0

[Event "Early-Titled-Tuesday-Blitz-April-16-2024"]
[Site "Chess.com"]
[Date "2024.04.16"]
[Round "4"]
[White "lrjchess"]
[Black "Smoking_Crow"]
[Result "0-1"]
[WhiteElo "2481"]
[BlackElo "2676"]
[TimeControl "180+1"]
[EndTime "8:34:26 PDT"]
[Termination "Smoking_Crow won by resignation"]

1. d4 Nf6 2. Nc3 d5 3. Bg5 c6 4. e4 Nxe4 5. Nxe4 dxe4 6. f3 exf3 7. Nxf3 Nd7 8. Bc4 Nf6 9. O-O e6 10. Ne5 Be7 11. c3 O-O 12. Qf3 c5 13. dxc5 Bxc5+ 14. Kh1 Be7 15. Rad1 Qc7 16. Bd3 Qxe5 0-1

[Event "Early-Titled-Tuesday-Blitz-April-16-2024"]
[Site "Chess.com"]
[Date "2024.04.16"]
[Round "4"]
[White "knightinshiningarmour16"]
[Black "Trendle"]
[Result "1-0"]
[WhiteElo "2344"]
[BlackElo "2608"]
[TimeControl "180+1"]
[EndTime "8:34:56 PDT"]
[Termination "knightinshiningarmour16 won by resignation"]

1. d4 d6 2. Nf3 f5 3. Bg5 Nd7 4. e3 Ngf6 5. c4 g6 6. Nc3 Bg7 7.
Bd3 O-O 8. Qc2 c6 9. e4 fxe4 10. Nxe4 Nxe4 11. Bxe4 Nf6 12. Bd3 Bg4 13. Nd2 Qa5 14. Be3 e5 15. dxe5 Qxe5 16. h3 Qf5 17. Bxf5 1-0

[Event "Early-Titled-Tuesday-Blitz-April-16-2024"]
[Site "Chess.com"]
[Date "2024.04.16"]
[Round "4"]
[White "AlainBruxelles"]
[Black "guillembaches"]
[Result "0-1"]
[WhiteElo "2344"]
[BlackElo "2543"]
[TimeControl "180+1"]
[EndTime "8:34:58 PDT"]
[Termination "guillembaches won by resignation"]

1. e4 c5 2. Nf3 d6 3. Nc3 Nf6 4. d4 cxd4 5. Nxd4 Nc6 6. Be3 Ng4 7. Bg5 Qb6 8. Nce2 e5 9. h3 Nxf2 10. Kxf2 exd4 11. b3 d3+ 12. Be3 dxe2 13. Bxe2 Qb4 14. c4 Be7 0-1

[Event "Early-Titled-Tuesday-Blitz-April-16-2024"]
[Site "Chess.com"]
[Date "2024.04.16"]
[Round "4"]
[White "Laico"]
[Black "UnTucopalaTimba"]
[Result "0-1"]
[WhiteElo "2429"]
[BlackElo "2030"]
[TimeControl "180+1"]
[EndTime "8:34:58 PDT"]
[Termination "UnTucopalaTimba won by resignation"]

1. e4 c6 2. Nc3 d5 3. exd5 cxd5 4. d4 Nc6 5. Nf3 Nf6 6. Bb5 a6 7. Bxc6+ bxc6 8. O-O Bg4 9. Qd3 e6 10. Ne5 Bf5 11. Qe2 c5 12. dxc5 Bxc5 13. Bg5 h6 14. Bh4 Be7 15. Nc6 Qc7 16. Nxe7 Qxe7 17. Rfe1 d4 18. Nd5 Qd8 19. Qf3 Qxd5 20. Bxf6 Qxf3 0-1

[Event "Early-Titled-Tuesday-Blitz-April-16-2024"]
[Site "Chess.com"]
[Date "2024.04.16"]
[Round "4"]
[White "Yushko_Olga"]
[Black "Eliwood44"]
[Result "0-1"]
[WhiteElo "2248"]
[BlackElo "2482"]
[TimeControl "180+1"]
[EndTime "8:34:59 PDT"]
[Termination "Eliwood44 won by resignation"]

1. d4 Nf6 2. c4 e6 3. Nc3 Bb4 4.
Bd2 O-O 5. e3 d6 6. Nf3 Nc6 7.
Be2 e5 8. dxe5 Nxe5 9. O-O Be6 10. Qb3 a5 11. a3 Bc5 12. Qxb7 Rb8 13. Qa6 Rxb2 14. Qxa5 Nxf3+ 15. Bxf3 Rxd2 16. Qb5 Qb8 17. Rab1 Qxb5 18. cxb5 Bxa3 19. Rb3 Bxb3 0-1

[Event "Early-Titled-Tuesday-Blitz-April-16-2024"]
[Site "Chess.com"]
[Date "2024.04.16"]
[Round "4"]
[White "Flaccidmoves"]
[Black "IsaqueGoncalvesSanto"]
[Result "0-1"]
[WhiteElo "2415"]
[BlackElo "1864"]
[TimeControl "180+1"]
[EndTime "8:35:09 PDT"]
[Termination "IsaqueGoncalvesSanto won by resignation"]

1. d4 d5 2. c4 e6 3. Nc3 c6 4.
e3 f5 5. Nf3 Nf6 6. Be2 Bd6 7.
O-O O-O 8. b3 Ne4 9. Bb2 Rf6 10.
Rc1 Rh6 11. Qc2 Bxh2+ 12. Nxh2 Qh4 0-1

[Event "Early-Titled-Tuesday-Blitz-April-16-2024"]
[Site "Chess.com"]
[Date "2024.04.16"]
[Round "4"]
[White "AryanTari"]
[Black "BigAl"]
[Result "1-0"]
[WhiteElo "2941"]
[BlackElo "2543"]
[TimeControl "180+1"]
[EndTime "8:35:54 PDT"]
[Termination "AryanTari won by resignation"]

1. e4 c5 2. Nf3 e6 3. d4 cxd4 4. Nxd4 a6 5. g3 Qc7 6. Bg2 Nf6 7. O-O d6 8. Qe2 Nbd7 9. c4 g6 10. Nc3 Bg7 11. Be3 O-O 12. Rac1 b6 13. e5 dxe5 14.
Nxe6 fxe6 15. Bxa8 Bb7 16. Bxb7 Qxb7 17. Rfd1 h6 18. Rd6 Kh7 19. Rxe6 h5 20. Rd1 Rf7 21. Nd5 b5 22. Nxf6+ Nxf6 23. c5 Ng4 24. Qd3 1-0

[Event "Early-Titled-Tuesday-Blitz-April-16-2024"]
[Site "Chess.com"]
[Date "2024.04.16"]
[Round "4"]
[White "mr_gustavo"]
[Black "RantomOpening"]
[Result "1-0"]
[WhiteElo "2709"]
[BlackElo "2525"]
[TimeControl "180+1"]
[EndTime "8:36:03 PDT"]
[Termination "mr_gustavo won by resignation"]

1. b3 d5 2. Bb2 e6 3. Nf3 Nf6 4. e3 Be7 5. c4 O-O 6. Be2 dxc4 7. Bxc4 c5 8. O-O a6 9. a4 Nbd7 10. Nc3 b6 11. d4 Bb7 12. Rc1 Ne4 13. Nxe4 Bxe4 14.
Nd2 Bc6 15. Be2 Qc7 16. Bf3 Bxf3 17. Qxf3 Rac8 18. Ne4 Kh8 19. dxc5 Nxc5 20. b4 1-0

[Event "Early-Titled-Tuesday-Blitz-April-16-2024"]
[Site "Chess.com"]
[Date "2024.04.16"]
[Round "4"]
[White "IndianSchoolOfSuffering"]
[Black "Mikhail_Golubev"]
[Result "0-1"]
[WhiteElo "2403"]
[BlackElo "2599"]
[TimeControl "180+1"]
[EndTime "8:36:05 PDT"]
[Termination "Mikhail_Golubev won by resignation"]

1. e4 c5 2. Nc3 g6 3. g3 Bg7 4.
Bg2 Nc6 5. d3 e6 6. Be3 d6 7.
Qd2 Rb8 8. Nge2 b5 9. O-O b4 10. Nd1 Nge7 11. Bh6 O-O 12. Bxg7 Kxg7 13. c3 bxc3 14.
bxc3 Qa5 15. Ne3 Ba6 16. Rfd1 Ne5 17. d4 Nc4 18. Nxc4 Bxc4 19. e5 d5 20. Nf4 cxd4 21. Qxd4 Rb2 22. h4 Nf5 0-1

[Event "Early-Titled-Tuesday-Blitz-April-16-2024"]
[Site "Chess.com"]
[Date "2024.04.16"]
[Round "4"]
[White "Seochesspie"]
[Black "LiemLe"]
[Result "0-1"]
[WhiteElo "2864"]
[BlackElo "3051"]
[TimeControl "180+1"]
[EndTime "8:36:13 PDT"]
[Termination "LiemLe won by resignation"]

1. Nf3 Nf6 2. c4 g6 3. d4 Bg7 4. Nc3 d5 5. Bg5 Ne4 6. Bf4 Nxc3 7. bxc3 dxc4 8. e3 Be6 9. Ng5 Bd5 10. e4 h6 11. exd5 hxg5 12. Qa4+ Kf8 13. Bxg5 Qxd5 14. Be3 b5 15. Qa5 Nc6 16. Qxc7 b4 17. cxb4 Bxd4 18.
Rd1 Bc3+ 19. Ke2 Nd4+ 20. Bxd4 Bxd4 21. Qf4 Rd8 22. h4 c3 23. Rd3 Qxa2+ 24. Kf3 Qxf2+ 0-1

[Event "Early-Titled-Tuesday-Blitz-April-16-2024"]
[Site "Chess.com"]
[Date "2024.04.16"]
[Round "4"]
[White "cthulhuuu"]
[Black "Devil_Sun"]
[Result "1-0"]
[WhiteElo "2435"]
[BlackElo "2617"]
[TimeControl "180+1"]
[EndTime "8:36:26 PDT"]
[Termination "cthulhuuu won by resignation"]

1. e4 e5 2. Nf3 Nf6 3. d3 Nc6 4.
g3 d5 5. exd5 Nxd5 6. Bg2 Be7 7.
O-O Be6 8. Re1 f6 9. d4 O-O 10. dxe5 f5 11. Ng5 Bxg5 12. Bxg5 Qxg5 13. Bxd5 Rae8 14.
f4 Qh6 15. Nc3 Kh8 16. Bxe6 Rxe6 17. Qf3 g5 18. Nd5 gxf4 19. Nxf4 Nxe5 20. Qc3 1-0

[Event "Early-Titled-Tuesday-Blitz-April-16-2024"]
[Site "Chess.com"]
[Date "2024.04.16"]
[Round "4"]
[White "YouJustFoundYourGodfather"]
[Black "Kobalia"]
[Result "0-1"]
[WhiteElo "2565"]
[BlackElo "2811"]
[TimeControl "180+1"]
[EndTime "8:36:28 PDT"]
[Termination "Kobalia won by resignation"]

1. d4 d6 2. Nf3 g6 3. e4 Bg7 4.
Bc4 a6 5. a4 e6 6. Qe2 Nd7 7. c3 b6 8. Bg5 Ne7 9. Nbd2 h6 10. Be3 Bb7 11. O-O O-O 12. Rfe1 d5 13.
exd5 Nxd5 14. Nf1 c5 15. dxc5 Nxc5 16. Bxc5 bxc5 17. Ng3 Qc7 18. Ne4 Rfd8 19. Rad1 g5 20. h3 Qc6 21. Qc2 Nf4 22. Bf1 Kh8 23. g3 f5 24.
Ned2 Rxd2 0-1

[Event "Early-Titled-Tuesday-Blitz-April-16-2024"]
[Site "Chess.com"]
[Date "2024.04.16"]
[Round "4"]
[White "ljuks68"]
[Black "Shuvalov"]
[Result "0-1"]
[WhiteElo "2397"]
[BlackElo "2643"]
[TimeControl "180+1"]
[EndTime "8:36:36 PDT"]
[Termination "Shuvalov won by resignation"]

1. e4 e6 2. d4 d5 3. Nc3 Bb4 4. e5 c5 5. a3 Bxc3+ 6. bxc3 Nc6 7. h4 Qa5 8. Bd2 Nge7 9. h5 h6 10. Qg4 Nf5 11. Bd3 Rg8 12. Nf3 c4 13. Bxf5 exf5 14. Qg3 Be6 15. a4 O-O-O 16. O-O g5 17. hxg6 Rxg6 18. Qf4 Rdg8 19. g3 h5 20. Kg2 Rg4 21. Qh6 f4 22. Bxf4 Qxc3 23. Rad1 Qxc2 24. Kh2 Qf5 25. Nh4 Rxh4+ 0-1

[Event "Early-Titled-Tuesday-Blitz-April-16-2024"]
[Site "Chess.com"]
[Date "2024.04.16"]
[Round "4"]
[White "LastHeroJr"]
[Black "Alexchess1984"]
[Result "0-1"]
[WhiteElo "2480"]
[BlackElo "2690"]
[TimeControl "180+1"]
[EndTime "8:36:37 PDT"]
[Termination "Alexchess1984 won by resignation"]

1. e4 e6 2. d4 d5 3. exd5 exd5 4.
c3 Nc6 5. Nf3 Bd6 6. Bd3 Nge7 7.
O-O Bg4 8. Bg5 h6 9. Bh4 Qd7 10. Re1 O-O 11. Nbd2 Nf5 12. Bg3 Nxg3 13. hxg3 Bf5 14.
Nf1 Bxd3 15. Qxd3 Rfe8 16. Ne3 Ne7 17. Ne5 Bxe5 18. dxe5 c6 19. Rad1 Rad8 20. f4 c5 21. Rd2 d4 22. cxd4 cxd4 23. Nc2 Nc6 24. Red1 Qg4 25. Qf3 Qf5 26. Nxd4 Nxd4 27. Rxd4 Rxd4 28. Rxd4 Qb1+ 29. Kh2 Qxb2 30. a4 Qxd4 0-1

[Event "Early-Titled-Tuesday-Blitz-April-16-2024"]
[Site "Chess.com"]
[Date "2024.04.16"]
[Round "4"]
[White "jaskol95"]
[Black "margarita_2703"]
[Result "1-0"]
[WhiteElo "2542"]
[BlackElo "2351"]
[TimeControl "180+1"]
[EndTime "8:36:39 PDT"]
[Termination "jaskol95 won by resignation"]

1. e4 e5 2. Nc3 Nf6 3. d4 exd4 4. Qxd4 Nc6 5. Qd3 Bb4 6. Bd2 O-O 7. O-O-O Re8 8. Nge2 d6 9. Bg5 h6 10. Bh4 Bxc3 11.
Nxc3 Ne5 12. Qd4 Ng6 13. Bxf6 Qxf6 14. Qxf6 gxf6 15. Nd5 Rd8 16. Nxc7 Rb8 17. Nb5 f5 18. Rxd6 Bd7 19. Nc3 fxe4 20. Bc4 Kg7 21. Rhd1 Ne5 22. Bb5 Bxb5 23. Rxd8 Rxd8 24. Rxd8 Bc6 25. b3 f5 26.
h3 f4 27. Rd4 e3 28. fxe3 fxe3 29. Nd5 Ng6 30. Nxe3 1-0

[Event "Early-Titled-Tuesday-Blitz-April-16-2024"]
[Site "Chess.com"]
[Date "2024.04.16"]
[Round "4"]
[White "Orphanator2009"]
[Black "ilqar_74"]
[Result "0-1"]
[WhiteElo "2521"]
[BlackElo "2790"]
[TimeControl "180+1"]
[EndTime "8:36:42 PDT"]
[Termination "ilqar_74 won by resignation"]

1. e4 c5 2. Nf3 d6 3. d4 cxd4 4. Nxd4 Nf6 5. Nc3 e5 6. Bb5+ Nbd7 7. Nf5 a6 8. Ba4 b5 9. Bb3 Nc5 10. O-O Nxb3 11. axb3 Nxe4 12. Nxg7+ Bxg7 13. Nxe4 d5 14. Ng3 O-O 15. Qh5 f5 16. Bh6 Qf6 17. Bxg7 Qxg7 18. Rfe1 f4 19. Nf1 Bf5 20. Rad1 d4 21. c3 Bg4 22.
Qh4 Bxd1 23. Rxd1 Rad8 24. g3 Rd6 25. cxd4 Rh6 0-1

[Event "Early-Titled-Tuesday-Blitz-April-16-2024"]
[Site "Chess.com"]
[Date "2024.04.16"]
[Round "4"]
[White "InitiatingASC"]
[Black "bazar-wokzal"]
[Result "0-1"]
[WhiteElo "2355"]
[BlackElo "2577"]
[TimeControl "180+1"]
[EndTime "8:36:42 PDT"]
[Termination "bazar-wokzal won by resignation"]

1. d4 Nf6 2. c4 Nc6 3. Nc3 e5 4. e3 Bb4 5. Ne2 d5 6. dxe5 Nxe5 7. Qa4+ Nc6 8. a3 Bxc3+ 9. Nxc3 d4 10. exd4 O-O 11.
Be2 Nxd4 12. O-O Nxe2+ 13. Nxe2 Bg4 14. Ng3 Re8 15. Bg5 h6 16. Bxf6 Qxf6 17. Rfe1 Rxe1+ 18. Rxe1 Qxb2 19. c5 Be6 20. c6 Qc3 21. cxb7 Qxe1+ 0-1

[Event "Early-Titled-Tuesday-Blitz-April-16-2024"]
[Site "Chess.com"]
[Date "2024.04.16"]
[Round "4"]
[White "MomchilPetkov"]
[Black "chess123456s"]
[Result "1-0"]
[WhiteElo "2934"]
[BlackElo "2601"]
[TimeControl "180+1"]
[EndTime "8:36:43 PDT"]
[Termination "MomchilPetkov won by resignation"]

1. d4 Nf6 2. c4 e6 3. Nf3 d5 4.
Nc3 c6 5. Qc2 Nbd7 6. e4 dxe4 7.
Nxe4 Bb4+ 8. Bd2 Bxd2+ 9. Nfxd2 Nxe4 10. Qxe4 Nf6 11. Qe3 b6 12. Be2 Bb7 13. Bf3 Qc7 14. O-O O-O 15. b4 Rad8 16. g3 Qd6 17. Nb3 Qxb4 18. c5 Ba6 19. Rfc1 Nd5 20. Qe5 Bc4 21. Rab1 Nc3 22. Qe1 Bxb3 23. Rxb3 Qxd4 24. Qxc3 bxc5 25. Qxc5 Qd2 26. Qc2 1-0

[Event "Early-Titled-Tuesday-Blitz-April-16-2024"]
[Site "Chess.com"]
[Date "2024.04.16"]
[Round "4"]
[White "SoCalJuniorChess"]
[Black "SHIVACalypso"]
[Result "0-1"]
[WhiteElo "2199"]
[BlackElo "2464"]
[TimeControl "180+1"]
[EndTime "8:36:45 PDT"]
[Termination "SHIVACalypso won by resignation"]

1. d4 d6 2. Nc3 Nd7 3. e4 g6 4. f4 Bg7 5. Nf3 c5 6. Be3 Ngf6 7. h3 cxd4 8. Bxd4 O-O 9. Bc4 a6 10. a4 b6 11. O-O Bb7 12. Qe2 Nc5 13. e5 dxe5 14.
Bxe5 Nfe4 15. Nxe4 Nxe4 16. Rfd1 Qc8 17. Rd4 Bxe5 18. Nxe5 Nd6 19. Bb3 Qc5 20. c3 Nf5 21.
Nd7 Nxd4 22. Qf2 Qd6 23. Nxf8 Nxb3 24. Ra3 Rxf8 25. Rxb3 Qd1+ 0-1

[Event "Early-Titled-Tuesday-Blitz-April-16-2024"]
[Site "Chess.com"]
[Date "2024.04.16"]
[Round "4"]
[White "tetrix83"]
[Black "ploxoi"]
[Result "1-0"]
[WhiteElo "2613"]
[BlackElo "2413"]
[TimeControl "180+1"]
[EndTime "8:37:01 PDT"]
[Termination "tetrix83 won by resignation"]

1. e4 e6 2. d3 d5 3. Nd2 c5 4. Ngf3 Nc6 5. g3 Nf6 6. Bg2 g6 7. O-O Bg7 8. Re1 O-O 9. c3 a5 10. a4 b6 11. exd5 exd5 12. Nb1 Re8 13. Rxe8+ Qxe8 14. Na3 Bf5 15. Nb5 Qd7 16. Bf4 Nh5 17. Bc7 Na7 18. Nxa7 Qxc7 19. Nb5 Qd7 20. d4 c4 21. Ne5 Bxe5 22. dxe5 Re8 23. Qxd5 Qxd5 24. Bxd5 Rxe5 25. Bxc4 Bc2 26. Nd4 Be4 27. Re1 Re8 28. Bb5 Re5 29. f3 Rxb5 30. axb5 Bd5 31. Re8+ Kg7 32.
Rb8 Nf6 33. Rxb6 Nd7 34. Rd6 1-0

[Event "Early-Titled-Tuesday-Blitz-April-16-2024"]
[Site "Chess.com"]
[Date "2024.04.16"]
[Round "4"]
[White "BenchGM"]
[Black "dianamirza"]
[Result "1-0"]
[WhiteElo "2309"]
[BlackElo "1950"]
[TimeControl "180+1"]
[EndTime "8:37:02 PDT"]
[Termination "BenchGM won by resignation"]

1. e4 d5 2. exd5 Qxd5 3. Nc3 Qd8 4. d4 Nf6 5. Nf3 Bg4 6. Bc4 e6 7. h3 Bxf3 8. Qxf3 c6 9. Be3 Be7 10. O-O-O O-O 11. g4 b5 12. Bxb5 cxb5 13. Qxa8 b4 14. Ne4 Qa5 15. Nxf6+ Bxf6 16. Kb1 b3 17. cxb3 Na6 18.
Qe4 Nb4 19. a3 Nd5 20. Rc1 Qb5 21.
Rc5 Qxb3 22. Rhc1 Nb6 23. Qc2 1-0

[Event "Early-Titled-Tuesday-Blitz-April-16-2024"]
[Site "Chess.com"]
[Date "2024.04.16"]
[Round "4"]
[White "francyIM"]
[Black "Predator0608"]
[Result "1-0"]
[WhiteElo "2811"]
[BlackElo "2564"]
[TimeControl "180+1"]
[EndTime "8:37:04 PDT"]
[Termination "francyIM won by resignation"]

1. e4 c5 2. Nf3 d6 3. d3 Nf6 4. Nbd2 g6 5. g3 Bg7 6. Bg2 O-O 7. O-O Nc6 8. c3 e5 9. h3 h5 10. a4 Ne8 11. Nc4 Be6 12. Ng5 Bd7 13. f4 f6 14. Nf3 a6 15. Nh4 g5 16. Ng6 Rf7 17.
Qxh5 b5 18. axb5 axb5 19. Rxa8 Qxa8 20. Nb6 Qb7 21. Nxd7 Qxd7 22. fxg5 fxg5 23. Bxg5 Qe6 24. Rxf7 Qxf7 25. Bf3 Nc7 26. Nh4 Qa2 27. Nf5 Qb1+ 28. Kh2 Qxb2+ 29. Bg2 1-0

[Event "Early-Titled-Tuesday-Blitz-April-16-2024"]
[Site "Chess.com"]
[Date "2024.04.16"]
[Round "4"]
[White "NiranjanNavalgund"]
[Black "Kotlyar_K"]
[Result "1/2-1/2"]
[WhiteElo "2500"]
[BlackElo "2686"]
[TimeControl "180+1"]
[EndTime "8:37:09 PDT"]
[Termination "Game drawn by stalemate"]

1. e4 c5 2. d4 cxd4 3. c3 dxc3 4. Nxc3 Nc6 5. Bc4 d6 6. Nf3 a6 7. O-O Nf6 8. e5 dxe5 9. Qxd8+ Nxd8 10. Nxe5 Be6 11.
Rd1 Bxc4 12. Nxc4 Nc6 13. Nb6 Rd8 14. Rxd8+ Kxd8 15. Bf4 e5 16. Rd1+ Kc7 17. Ncd5+ Nxd5 18. Nxd5+ Kb8 19. Bg3 Bc5 20. a3 Rd8 21. Kf1 f6 22. b4 Bd4 23. Ne3 Bxe3 24. Rxd8+ Nxd8 25. fxe3 Kc7 26. Ke2 Kc6 27. Kd3 Kb5 28. Kc3 Ka4 29. Kb2 Nc6 30. Be1 Na7 31. e4 Nb5 32. Bf2 Nxa3 33. Bc5 b6 34. Bf8 g6 35. Bg7 f5 36. exf5 gxf5 37.
Bxe5 Nc4+ 38. Kc3 Nxe5 39. Kd4 Nc6+ 40. Ke3 Nxb4 41. Kf4 Kb3 42. Kxf5 a5 43. g4 a4 44. g5 a3 45. h4 a2 46. h5 a1=Q 47. g6 Qg7 48.
gxh7 Qxh7+ 49. Kg5 Nc2 50. Kh4 Nd4 51. Kg5 Qf7 52.
Kh6 Ne6 1/2-1/2